 Dungeon Crawl Stone Soup version 0.28.0 (webtiles) character file.

Game seed: 10394581200822069446

819 unlimited1921 the Chopper (level 7, -16/68 HPs)
             Began as a Troll Fighter on Feb 13, 2022.
             Was a Follower of Cheibriados.
             Demolished by a two-headed ogre (35 damage)
             ... on level 5 of the Dungeon.
             The game lasted 00:11:57 (3308 turns).

unlimited1921 the Chopper (Troll Fighter)           Turns: 3308, Time: 00:11:58

Health: -16/68     AC:  4    Str: 27    XL:     7   Next: 63%
Magic:  6/6        EV:  9    Int:  6    God:    Cheibriados [*.....]
Gold:   153        SH:  8    Dex: 13    Spells: 6/6 levels left

rFire   . . .      SeeInvis .   a - +0 war axe
rCold   . . .      Faith    .   c - +0 kite shield
rNeg    . . .      Spirit   .   b - +0 robe
rPois   .          Reflect  .   (helmet restricted)
rElec   .          Harm     .   (no cloak)
rCorr   .          Rampage  .   (gloves unavailable)
Will    .....                   (boots unavailable)
Stlth   +.........              (no amulet)
HPRegen 1.01/turn               (no ring)
MPRegen 0.10/turn               (no ring)

@: very slow
A: large, unfitting armour, claws 3, regeneration 1, shaggy fur 1, tough skin 1
a: Renounce Religion, Bend Time


You were on level 5 of the Dungeon.
You worshipped Cheibriados.
Cheibriados was aware of your devotion.
You visited 2 branches of the dungeon, and saw 6 of its levels.

You collected 153 gold pieces.

Inventory:

Hand Weapons
 a - a +0 war axe (weapon)
 f - a +0 falchion
 s - a +0 hunting sling
 x - a +0 dagger of protection
Missiles
 j - 27 bolts
 m - a boomerang
 n - 29 sling bullets
 o - 75 stones
Armour
 b - a +0 robe (worn)
 c - a +0 kite shield (worn)
Wands
 p - a wand of acid (3) (quivered)
 u - a wand of flame (16)
 z - a wand of digging (6)
Scrolls
 g - a scroll of holy word {unknown}
 h - a scroll of blinking {unknown}
 i - a scroll of enchant armour {unknown}
 k - 2 scrolls of magic mapping {unknown}
 l - 4 scrolls of fog {unknown}
 q - a scroll of summoning {unknown}
 t - 5 scrolls of identify {unknown}
 y - a scroll of teleportation {unknown}
Potions
 d - a potion of might
 e - 2 potions of mutation {unknown}
 r - a potion of degeneration {unknown}
 v - 3 potions of curing {unknown}
 w - 2 potions of berserk rage {unknown}


   Skills:
 + Level 3.8 Fighting
 + Level 4.2 Axes
 + Level 0.3(1.1) Slings
 + Level 2.1(2.2) Throwing
 + Level 3.8 Dodging
 + Level 0.7 Stealth
 + Level 3.6 Shields
 + Level 0.3 Evocations


You had 6 spell levels left.
You didn't know any spells.
Your spell library contained the following spells:

 Spells                   Type           Power      Damage    Failure   Level
 Sublimation of Blood     Necr           0%         N/A       87%         2
 Wereblood                Tmut           0%         N/A       87%         2
 Gell's Gravitas          Tloc           0%         N/A       98%         3
 Lesser Beckoning         Tloc           0%         N/A       98%         3
 Teleport Other           Tloc           0%         N/A       98%         3
 Summon Hydra             Summ           0%         N/A       100%        7


Dungeon Overview and Level Annotations

Branches:
Dungeon (5/15)             Temple (1/1) D:4

Altars:
Ashenzari
Cheibriados
Dithmenos
Elyvilon
Fedhas
Hepliaklqana
Kikubaaqudgha
Nemelex Xobeh
Okawaru
Qazlal
Sif Muna
Trog
Vehumet
Yredelemnul
Zin
The Shining One


Innate Abilities, Weirdness & Mutations

You are too large for most types of armour.
You have claws for hands.
Your natural rate of healing is unusually fast.
You are covered in fur. (AC +1)
You have tough skin. (AC +1)


Message History

Throw: boomerang
Press: ? - help, Q - select action, (/) - cycle Shift-Dir - straight line, f - ufetubus
Aim: an ufetubus (wandering, hasn't noticed you, 40% to hit)
You throw a boomerang.
The boomerang closely misses the ufetubus.
s - a +0 hunting sling (weapon)
You shoot a sling bullet.
The sling bullet barely misses the ufetubus.
You shoot a sling bullet.
The sling bullet barely misses the ufetubus.
The ufetubus barely misses you. The ufetubus hits you.
a - a +0 war axe (weapon)
You block the ufetubus's attack. The ufetubus hits you.
You slash the ufetubus!
You kill the ufetubus!
Cheibriados appreciates the change of pace.
No target in view!
HP restored.
n - 29 sling bullets (gained 2)
Found a mace.
Found a buckler.
A two-headed ogre comes into view. It is wielding two +0 giant clubs.
The two-headed ogre shouts in stereo!
You see here 2 metallic ruby potions.
The two-headed ogre hits you with a +0 giant club!!
The two-headed ogre hits you with a +0 giant club!
The two-headed ogre hits you with a +0 giant club!
You block the two-headed ogre's attack.
Aiming: Corrosive Bolt
Press: ? - help, Q - select action, (/) - cycle Shift-Dir - straight line, f - two-headed ogre
Aim: a two-headed ogre, wielding two +0 giant clubs (86% to hit)
The bolt of acid hits the two-headed ogre!
The acid corrodes the two-headed ogre!
The two-headed ogre is moderately wounded.
The two-headed ogre hits you with a +0 giant club.
The two-headed ogre hits you with a +0 giant club!
* * * LOW HITPOINT WARNING * * *
The two-headed ogre hits you with a +0 giant club!!
Ouch! That really hurt!
You die...

..........##########...
.................[....#
..............)......#
......(.............##
.....................###
#......................#
#...!...............# ###
#....###.............###.##
#...##.
#.....O@......##...## ...
#. #......#..##..#...<.# .
#. .#......##.##.†.....##
##..........#.........##
.##.##.......#....##...####
##.................#....#
#.............###.#....##
#...........####.....###
#.................#..#


You could see a two-headed ogre (corroded).

Vanquished Creatures
  Sigmund (D:4)
  2 black bears
  An ogre (D:4)
  A phantom (D:4)
  A scorpion (D:3)
  A hound (D:4)
  Natasha (thrice) (D:2)
  A scorpion zombie (D:4)
  A hound zombie (D:4)
  A hound skeleton (D:4)
  A howler monkey skeleton (D:3)
  3 adders
  An ufetubus (D:5)
  An adder skeleton (D:4)
  A worm (D:3)
  A dart slug (D:4)
  An orc (D:5)
  4 bats
  4 endoplasms
  A giant cockroach (D:2)
  6 goblins
  7 hobgoblins
  6 kobolds
  5 quokkas
  2 ball pythons
  2 frilled lizards
  3 rats
62 creatures vanquished.

Vanquished Creatures (others)
  A minotaur (D:1)
  A draconian (D:1)
  An octopode (D:1)
  2 trolls (D:1)
  A formicid (D:1)
  A human (D:1)
  A naga (D:1)
  A demigod (D:1)
  2 dwarves (D:1)
  2 ogres (D:1)
  A felid (D:1)
  An orc (D:1)
  4 tentacles (D:1)
19 creatures vanquished.

Grand Total: 81 creatures vanquished

Notes
Turn   | Place    | Note
-------+----------+-------------------------------------------
     0 | D:1      | unlimited1921 the Troll Fighter began the quest for the
                  | Orb.
     0 | D:1      | Reached XP level 1. HP: 22/22 MP: 0/0
     2 | D:1      | Noticed a dwarf
     2 | D:1      | Noticed a minotaur
     2 | D:1      | Noticed a draconian
     2 | D:1      | Noticed a dwarf
     2 | D:1      | Noticed a troll
     2 | D:1      | Noticed a kraken
     2 | D:1      | Noticed a felid
     2 | D:1      | Noticed a formicid
     2 | D:1      | Noticed an ogre
     2 | D:1      | Noticed a troll
     2 | D:1      | Noticed a human
     2 | D:1      | Noticed an octopode
     2 | D:1      | Noticed an ogre
     2 | D:1      | Noticed a demigod
     2 | D:1      | Noticed a naga
     6 | D:1      | Killed a draconian
     6 | D:1      | Killed a dwarf
     8 | D:1      | Killed an octopode
    11 | D:1      | Killed an ogre
    15 | D:1      | Killed an ogre
    18 | D:1      | Killed a human
    20 | D:1      | Killed a formicid
    20 | D:1      | Killed a felid
    21 | D:1      | Killed a troll
    22 | D:1      | Killed a troll
    24 | D:1      | Killed a minotaur
    24 | D:1      | Killed a naga
    24 | D:1      | Killed a demigod
    25 | D:1      | Killed a dwarf
    95 | D:1      | Reached XP level 2. HP: 29/29 MP: 1/1
   645 | D:2      | Found a faded altar of an unknown god.
   667 | D:2      | Noticed Natasha
   673 | D:2      | Reached skill level 2 in Axes
   673 | D:2      | Reached XP level 3. HP: 32/36 MP: 2/2
   690 | D:2      | Killed Natasha
   737 | D:2      | Noticed Natasha
   744 | D:2      | Killed Natasha
   745 | D:2      | Reached XP level 4. HP: 21/44 MP: 3/3
   792 | D:2      | Noticed Natasha
   796 | D:2      | Killed Natasha
  1248 | D:3      | Noticed a scorpion
  1266 | D:3      | Killed a scorpion
  1267 | D:3      | Reached XP level 5. HP: 43/53 MP: 4/4
  1404 | D:3      | Found an iron altar of Okawaru.
  1548 | D:3      | Reached skill level 3 in Axes
  1721 | D:3      | Noticed a black bear
  1731 | D:3      | Killed a black bear
  1732 | D:3      | Reached skill level 1 in Throwing
  1732 | D:3      | Reached XP level 6. HP: 44/61 MP: 5/5
  2078 | D:4      | Found a staircase to the Ecumenical Temple.
  2098 | Temple   | Entered the Ecumenical Temple
  2179 | Temple   | Became a worshipper of Cheibriados the Contemplative
  2419 | D:4      | Found a basalt altar of Yredelemnul.
  2551 | D:4      | Noticed Sigmund
  2563 | D:4      | Killed Sigmund
  2564 | D:4      | Reached skill level 4 in Axes
  2564 | D:4      | Reached XP level 7. HP: 57/67 MP: 6/6
  3142 | D:5      | Entered Level 5 of the Dungeon
  3145 | D:5      | Reached * piety under Cheibriados
  3298 | D:5      | Noticed a two-headed ogre
  3308 | D:5      | Demolished by a two-headed ogre

Illustrated notes

Levels and vault maps discovered:
D:1:      nicolae_arrival_kraken_aquarium_b, layout_rooms
D:2:      layout_basic, ebering_ecumenical_altar_hall, serial_rivers,
          chequers_serial_rivers_micro_b, chequers_serial_rivers_micro_b,
          chequers_serial_rivers_micro_e, chequers_serial_rivers_small_b,
          uniq_natasha
D:3:      layout_loops_ring, lemuel_doored_altar
D:4:      layout_cave_pods, lemuel_zombie_altar_yredelemnul,
          minmay_temple_entry_purple_smoke, uniq_sigmund
D:5:      layout_cave_pools, serial_shops, kennysheep_mini,
          kennysheep_cross_room, hangedman_feature_mirror
Temple:   eino_temple_scatter_basement

Skill      XL: |  1  2  3  4  5  6 |
---------------+-------------------+-----
Axes           | 2 3 4 |  4.2
Dodging        | 3 |  3.8
Fighting       | 3 |  3.8
Shields        | 3 |  3.6
Throwing       | 1 2 |  2.1
Slings         | |  0.3
Stealth        | |  0.7
Evocations     | |  0.3

Action                   |  1- 3 |  4- 6 |  7- 9 || total
-------------------------+-------+-------+-------++-------
Melee: War axe           |   119 |   103 |    21 ||   243
 Fire: Hunting sling     |       |     5 |     2 ||     7
Throw: Boomerang         |       |    35 |     9 ||    44
Evoke: Wand              |     3 |       |     1 ||     4
Armor: Robe              |    67 |    28 |     1 ||    96
Dodge: Dodged            |    46 |    40 |    11 ||    97
Block: Kite shield       |    43 |    51 |     8 ||   102
